General information
- name: BNet
- type: Ladder team game (AT/RT)
- host: Battle.net
- saver: PEN1SOFTHENORTH
map: DragonFalls
- players: 8
- length: 24:41
- speed: Fast
- version: 1.28 W3XP
- replay type: Public
» download(206 KB)
Players
team 1 (loser)
i.perdomo (
orange | 43 APM | 775 actions | 18:13)
3 Warden
2 Shadow Strike
1 Blink
» actions
| Basic commands | 6 | |
| Build / train | 49 | |
| Enter build submenu | 15 | |
| Enter hero's abilities submenu | 3 | |
| Right click | 365 | |
| Select / deselect | 295 | |
| Use ability | 42 | |
775 total
» units
| Wisp | 19 | |
| Archer | 1 | |
| Huntress | 7 | |
| Druid of the Claw | 10 | |
37 total
» upgrades
| Strength of the Moon | 1 | |
| Druid of the Claw Training | 2 | |
| Strength of the Wild | 1 | |
| Reinforced Hides | 1 | |
| Mark of the Claw | 1 | |
6 total
» buildings
| Altar of Elders | 1 | |
| Moon Well | 6 | |
| Ancient of War | 1 | |
| Hunter's Hall | 1 | |
| Ancient of Wonders | 1 | |
| Tree of Ages | 1 | |
| Ancient of Lore | 2 | |
| Tree of Eternity | 1 | |
| Tree of Life | 1 | |
15 total
» build order
00:05 Altar of Elders
00:11 Moon Well
00:53 Ancient of War
02:04 Hunter's Hall
02:24 Moon Well
02:29 Ancient of Wonders
03:34 Moon Well
03:40 Tree of Ages
04:39 Moon Well
06:04 Ancient of Lore
06:08 Ancient of Lore
10:08 Moon Well
10:31 Tree of Eternity
11:38 Moon Well
12:45 Tree of Life

»
MaNBeArPiG178 (
red | 25 APM | 455 actions | 18:17)
5 Tauren Chieftain
3 Endurance Aura
2 War Stomp
» actions
| Basic commands | 5 | |
| Build / train | 45 | |
| Enter build submenu | 14 | |
| Enter hero's abilities submenu | 5 | |
| Give item / drop item | 2 | |
| Right click | 160 | |
| Select / deselect | 186 | |
| Use ability | 38 | |
455 total
» units
| Peon | 13 | |
| Grunt | 7 | |
| Tauren | 3 | |
| Troll Headhunter/Berserker | 2 | |
25 total
» upgrades
| Berserker Strength | 1 | |
| Melee Weapons | 3 | |
| Armor | 2 | |
| Pillage | 1 | |
| Pulverize | 1 | |
| Reinforced Defenses | 1 | |
| Spiked Barricades | 1 | |
10 total
» buildings
| Altar of Storms | 1 | |
| Orc Burrow | 6 | |
| Barracks | 2 | |
| Voodoo Lounge | 1 | |
| Stronghold | 1 | |
| War Mill | 1 | |
| Fortress | 1 | |
| Great Hall | 1 | |
| Tauren Totem | 2 | |
16 total
» build order
00:07 Altar of Storms
00:10 Orc Burrow
01:43 Barracks
01:48 Barracks
02:05 Orc Burrow
02:41 Voodoo Lounge
03:10 Orc Burrow
04:38 Stronghold
06:10 Orc Burrow
06:18 War Mill
07:05 Fortress
09:39 Great Hall
09:44 Tauren Totem
09:48 Tauren Totem
12:54 Orc Burrow
13:19 Orc Burrow
» items
| Healing Salve | 1 | |
| Orb of Lightning | 1 | |
2 total
USA_Gun_Control (
yellow | 15 APM | 366 actions | 24:40)
2 Tauren Chieftain
1 Reincarnation
1 Shockwave
» actions
| Basic commands | 3 | |
| Build / train | 13 | |
| Enter build submenu | 70 | |
| Enter hero's abilities submenu | 2 | |
| Right click | 90 | |
| Select / deselect | 110 | |
| Use ability | 78 | |
366 total
» units
» buildings
| Crypt | 47 | |
| Ziggurat | 1 | |
| Graveyard | 1 | |
| Barracks | 12 | |
| War Mill | 11 | |
72 total
» build order
00:22 Crypt
00:26 Ziggurat
01:25 Graveyard
06:02 Crypt
06:05 Crypt
06:08 Crypt
06:13 Crypt
06:19 Crypt
06:30 Crypt
06:36 Crypt
06:47 Crypt
06:52 Crypt
06:55 Crypt
07:02 Crypt
07:07 Crypt
07:09 Crypt
07:21 Crypt
07:25 Crypt
07:30 Crypt
07:56 Crypt
08:06 Crypt
08:09 Crypt
08:17 Crypt
08:22 Crypt
08:38 Crypt
10:11 Crypt
10:14 Crypt
10:24 Crypt
10:34 Crypt
10:44 Crypt
10:47 Crypt
11:12 Crypt
11:32 Crypt
11:50 Crypt
12:06 Crypt
12:08 Crypt
12:45 Crypt
12:59 Crypt
13:10 Crypt
13:27 Crypt
15:42 Crypt
18:08 Crypt
18:20 Crypt
18:23 Crypt
18:30 Crypt
19:44 Barracks
19:50 Crypt
19:53 Crypt
19:59 Crypt
20:01 Crypt
20:39 Barracks
20:41 Barracks
20:49 Barracks
20:52 Barracks
21:17 Barracks
21:19 Barracks
21:20 Barracks
21:25 Barracks
21:29 Barracks
21:32 Barracks
22:13 War Mill
22:15 War Mill
22:15 War Mill
22:16 War Mill
22:16 War Mill
22:26 War Mill
22:27 War Mill
22:27 War Mill
22:28 War Mill
22:29 War Mill
22:57 Barracks
23:50 War Mill

»
MaRc_ThE_oRc (
pink | 36 APM | 652 actions | 18:09)
3 Archmage
2 Blizzard
1 Brilliance Aura
» actions
| Basic commands | 11 | |
| Build / train | 55 | |
| Enter build submenu | 21 | |
| Enter hero's abilities submenu | 3 | |
| Remove unit from queue | 2 | |
| Right click | 244 | |
| Select / deselect | 278 | |
| Use ability | 38 | |
652 total
» units
| Peasant | 7 | |
| Rifleman | 11 | |
| Sorceress | 4 | |
| Mortar Team | 6 | |
| Siege Engine | 7 | |
35 total
» upgrades
| Gunpowder | 2 | |
| Armor | 1 | |
| Long Rifles | 1 | |
| Lumber Harvesting | 1 | |
| Sorceress Training | 1 | |
| Flare | 1 | |
| Plating | 1 | |
| Barrage | 1 | |
9 total
» buildings
| Altar of Kings | 1 | |
| Farm | 9 | |
| Barracks | 1 | |
| Lumber Mill | 1 | |
| Blacksmith | 2 | |
| Keep | 1 | |
| Arcane Vault | 2 | |
| Arcane Sanctum | 1 | |
| Workshop | 2 | |
| Castle | 1 | |
21 total
» build order
00:06 Altar of Kings
00:24 Farm
00:32 Barracks
01:12 Farm
01:35 Lumber Mill
01:55 Blacksmith
02:14 Farm
02:53 Farm
04:26 Keep
04:29 Arcane Vault
04:50 Farm
05:06 Arcane Vault
05:33 Farm
06:53 Blacksmith
06:56 Arcane Sanctum
08:23 Workshop
10:04 Farm
10:43 Farm
11:21 Farm
14:07 Castle
15:19 Workshop
» items
| Scroll of Regeneration | 2 | |
| Scroll of Town Portal | 1 | |
3 total
team 2 (winner)

»
PEN1SOFTHENORTH (
teal | 54 APM | 1335 actions | 24:41)
6 Archmage
3 Summon Water Elemental
3 Brilliance Aura
» actions
| Assign group hotkey | 61 | |
| Basic commands | 91 | |
| Build / train | 79 | |
| Enter build submenu | 32 | |
| Enter hero's abilities submenu | 6 | |
| Give item / drop item | 3 | |
| Right click | 460 | |
| Select / deselect | 268 | |
| Select group hotkey | 257 | |
| Use ability | 78 | |
1335 total
» units
| Peasant | 18 | |
| Footman | 5 | |
| Goblin Zeppelin | 8 | |
| Siege Engine | 9 | |
40 total
» upgrades
| Masonry | 3 | |
| Gunpowder | 3 | |
| Armor | 4 | |
| Defend | 1 | |
| Lumber Harvesting | 2 | |
| Barrage | 1 | |
| Magic Sentry | 1 | |
15 total
» buildings
| Altar of Kings | 1 | |
| Farm | 10 | |
| Barracks | 1 | |
| Lumber Mill | 1 | |
| Scout Tower | 8 | |
| Arcane Tower | 1 | |
| Arcane Vault | 2 | |
| Blacksmith | 1 | |
| Town Hall | 1 | |
| Guard Tower | 6 | |
| Keep | 1 | |
| Castle | 1 | |
| Workshop | 4 | |
| Arcane Sanctum | 1 | |
39 total
» build order
00:40 Altar of Kings
00:47 Farm
00:57 Barracks
01:21 Lumber Mill
01:27 Scout Tower
02:12 Farm
02:24 Arcane Tower
02:37 Scout Tower
03:18 Arcane Vault
03:24 Blacksmith
04:06 Farm
04:44 Town Hall
04:55 Scout Tower
04:59 Scout Tower
05:42 Guard Tower
06:18 Keep
06:34 Guard Tower
06:56 Guard Tower
08:52 Castle
08:54 Workshop
08:57 Workshop
09:26 Scout Tower
10:00 Guard Tower
10:03 Arcane Vault
10:11 Farm
10:14 Farm
10:17 Farm
10:19 Scout Tower
10:23 Farm
11:21 Scout Tower
11:28 Farm
11:57 Guard Tower
12:36 Scout Tower
12:42 Workshop
12:49 Farm
12:51 Farm
14:14 Workshop
14:50 Guard Tower
15:29 Arcane Sanctum
» items
| Lesser Clarity Potion | 1 | |
| Healing Salve | 1 | |
| Mechanical Critter | 2 | |
| Ivory Tower | 1 | |
| Orb of Fire | 1 | |
| Scroll of Town Portal | 1 | |
7 total

»
BioShokInfynetX (
green | 95 APM | 2356 actions | 24:40)
5 Mountain King
3 Storm Bolt
2 Bash
4 Paladin
2 Holy Light
1 Divine Shield
1 Devotion Aura
» actions
| Assign group hotkey | 81 | |
| Basic commands | 123 | |
| Build / train | 82 | |
| ESC pressed | 3 | |
| Enter build submenu | 42 | |
| Enter hero's abilities submenu | 9 | |
| Give item / drop item | 4 | |
| Right click | 1004 | |
| Select / deselect | 584 | |
| Select group hotkey | 321 | |
| Use ability | 103 | |
2356 total
» units
| Peasant | 21 | |
| Footman | 5 | |
| Goblin Shredder | 1 | |
| Goblin Zeppelin | 1 | |
| Rifleman | 3 | |
| Knight | 2 | |
| Siege Engine | 1 | |
34 total
» upgrades
| Masonry | 3 | |
| Swords | 3 | |
| Gunpowder | 3 | |
| Plating | 3 | |
| Long Rifles | 1 | |
| Armor | 2 | |
| Lumber Harvesting | 2 | |
| Flak Cannons | 1 | |
| Fragmentation Shards | 1 | |
| Flare | 1 | |
| Barrage | 1 | |
| Animal War Training | 1 | |
22 total
» buildings
| Barracks | 4 | |
| Farm | 12 | |
| Altar of Kings | 1 | |
| Lumber Mill | 2 | |
| Scout Tower | 12 | |
| Town Hall | 1 | |
| Blacksmith | 2 | |
| Guard Tower | 5 | |
| Arcane Vault | 2 | |
| Keep | 1 | |
| Castle | 1 | |
| Workshop | 3 | |
46 total
» build order
00:20 Barracks
00:33 Farm
00:37 Farm
00:49 Altar of Kings
01:40 Farm
02:05 Farm
02:44 Lumber Mill
02:51 Farm
03:22 Scout Tower
04:14 Farm
04:33 Town Hall
04:36 Blacksmith
04:38 Scout Tower
04:38 Scout Tower
05:05 Blacksmith
05:08 Guard Tower
05:21 Farm
05:37 Arcane Vault
05:40 Arcane Vault
06:35 Farm
06:36 Scout Tower
06:42 Scout Tower
06:44 Scout Tower
06:45 Scout Tower
07:12 Keep
07:12 Guard Tower
07:13 Guard Tower
07:51 Guard Tower
07:56 Farm
08:30 Lumber Mill
09:34 Castle
09:54 Barracks
09:56 Barracks
10:01 Barracks
10:22 Farm
10:24 Farm
13:30 Scout Tower
13:31 Scout Tower
13:32 Scout Tower
13:33 Scout Tower
13:33 Scout Tower
13:58 Workshop
13:59 Workshop
13:59 Workshop
14:21 Farm
15:32 Guard Tower
» items
| Healing Salve | 1 | |
| Lesser Clarity Potion | 1 | |
| Boots of Speed | 1 | |
| Staff of Teleportation | 1 | |
| Scroll of Regeneration | 1 | |
| Potion of Healing | 1 | |
| Potion of Mana | 1 | |
7 total

»
l0l1t4 (
purple | 59 APM | 1449 actions | 24:41)
5 Priestess of the Moon
3 Trueshot Aura
2 Searing Arrows
4 Keeper of the Grove
2 Entangling Roots
2 Thorns Aura
» actions
| Assign group hotkey | 12 | |
| Build / train | 65 | |
| Enter build submenu | 21 | |
| Enter hero's abilities submenu | 9 | |
| Give item / drop item | 4 | |
| Remove unit from queue | 1 | |
| Right click | 624 | |
| Select / deselect | 416 | |
| Select group hotkey | 244 | |
| Use ability | 53 | |
1449 total
» units
| Wisp | 19 | |
| Hippogryph | 7 | |
| Chimaera | 8 | |
34 total
» upgrades
» buildings
| Altar of Elders | 1 | |
| Moon Well | 9 | |
| Tree of Ages | 1 | |
| Ancient of Wonders | 2 | |
| Tree of Eternity | 1 | |
| Ancient of Wind | 2 | |
| Tree of Life | 3 | |
| Chimaera Roost | 2 | |
21 total
» build order
00:11 Altar of Elders
00:22 Moon Well
01:43 Tree of Ages
02:04 Moon Well
02:45 Moon Well
03:14 Ancient of Wonders
04:08 Tree of Eternity
04:11 Ancient of Wind
04:29 Ancient of Wind
05:27 Tree of Life
07:03 Chimaera Roost
07:54 Chimaera Roost
08:32 Moon Well
08:56 Moon Well
12:34 Moon Well
12:41 Moon Well
12:50 Moon Well
12:51 Moon Well
16:05 Ancient of Wonders
20:05 Tree of Life
23:25 Tree of Life
» items
| Potion of Healing | 7 | |
| Orb of Venom | 3 | |
| Scroll of Town Portal | 4 | |
| Scroll of Regeneration | 1 | |
| Potion of Mana | 1 | |
16 total
sunshine27 (
blue | 18 APM | 446 actions | 24:40)
5 Shadow Hunter
2 Hex
3 Healing Wave
» actions
| Basic commands | 23 | |
| Build / train | 56 | |
| Enter build submenu | 16 | |
| Enter hero's abilities submenu | 5 | |
| Give item / drop item | 2 | |
| Right click | 96 | |
| Select / deselect | 185 | |
| Use ability | 63 | |
446 total
» units
| Peon | 7 | |
| Grunt | 16 | |
| Furbolg Shaman | 1 | |
| Thunder Lizard | 1 | |
| Tauren | 3 | |
| Goblin Shredder | 1 | |
| Goblin Zeppelin | 1 | |
| Green Dragon | 2 | |
| Green Drake | 1 | |
| Green Dragon Whelp | 1 | |
34 total
» upgrades
| Melee Weapons | 2 | |
| Armor | 1 | |
| Pillage | 1 | |
| Spiked Barricades | 1 | |
| Berserker Strength | 1 | |
| Shaman Training | 1 | |
7 total
» buildings
| Altar of Storms | 1 | |
| Orc Burrow | 8 | |
| Barracks | 1 | |
| Voodoo Lounge | 1 | |
| War Mill | 2 | |
| Stronghold | 1 | |
| Fortress | 1 | |
| Spirit Lodge | 1 | |
| Tauren Totem | 2 | |
18 total
» build order
00:08 Altar of Storms
00:10 Orc Burrow
00:47 Barracks
01:55 Orc Burrow
01:59 Voodoo Lounge
03:36 War Mill
04:23 Orc Burrow
05:41 Orc Burrow
08:19 Stronghold
08:26 Orc Burrow
09:35 Orc Burrow
12:56 Fortress
12:58 Spirit Lodge
13:11 War Mill
14:12 Orc Burrow
15:27 Tauren Totem
15:31 Tauren Totem
18:01 Orc Burrow
» items
| Lesser Clarity Potion | 1 | |
| Scroll of Speed | 1 | |
| Healing Salve | 1 | |
| Scroll of Town Portal | 2 | |
| Orb of Lightning | 1 | |
| Staff of Teleportation | 1 | |
7 total
Chat log
(01:06 / All) i.perdomo: in the north it only has small penis
(01:14 / All) BioShokInfynetX: truth
(01:15 / All) PEN1SOFTHENORTH: internet problems in 2018
(04:40 / All) sunshine27: hex u up
(04:56 / Allies) l0l1t4: please green
(05:23 / Allies) sunshine27: ty teal
(05:46 / Allies) sunshine27: taurens
(06:11 / Allies) BioShokInfynetX: keep an eye on that
(07:03 / Allies) BioShokInfynetX: brt, gotta weasel my way around
(07:17 / All) sunshine27: hi oj
(08:10 / Allies) BioShokInfynetX: wisps
(09:43 / Allies) l0l1t4: lumber me?
(09:48 / Allies) BioShokInfynetX: will do it when i can
(09:50 / Allies) l0l1t4: ty
(09:58 / Allies) sunshine27: yw
(10:28 / Allies) sunshine27: lets hit something?
(10:34 / All) i.perdomo: gg
(10:35 / Allies) BioShokInfynetX: go for it
(10:38 / All) i.perdomo: yellow troll
(10:45 / All) BioShokInfynetX: yellow lives up to his name
(10:48 / All) BioShokInfynetX: Getting innocents killed
(10:53 / All) i.perdomo: he has 25 crypt
(11:03 / All) BioShokInfynetX: and it took you this long to notice>?
(11:45 / All) sunshine27: nice wall teall
(11:55 / All) BioShokInfynetX: that wall won us the game
(12:23 / All) sunshine27: lets wall ourselvs in :)
(12:27 / All) BioShokInfynetX: i agree
(12:31 / All) BioShokInfynetX: walls bring in friends
(13:41 / Allies) sunshine27: purp lets hit a base?
(14:17 / All) BioShokInfynetX: okay fine ill get real units
(14:50 / All) USA_Gun_Control: help
(15:18 / Allies) BioShokInfynetX: ty purple
(16:14 / Allies) sunshine27: meet?
(16:16 / All) BioShokInfynetX: so yellow
(16:18 / All) BioShokInfynetX: what is the point of your name
(16:20 / All) BioShokInfynetX: i still don't get it
(16:36 / Allies) BioShokInfynetX: yeah just kill them
(16:42 / Allies) PEN1SOFTHENORTH: lol ok
(17:00 / Allies) PEN1SOFTHENORTH: attacking red
(17:19 / Allies) PEN1SOFTHENORTH: attacking orange
(18:08 / All) i.perdomo: gg
(18:10 / All) i.perdomo: i hate yellow
(18:11 / All) sunshine27: call the police
(18:14 / All) BioShokInfynetX: i hate yellow too
(19:24 / Allies) sunshine27: ty
(19:34 / Allies) BioShokInfynetX: np
(19:52 / Allies) sunshine27: nice tanks teal
(19:56 / Allies) PEN1SOFTHENORTH: ty
(20:22 / Allies) sunshine27: havent seen that in a long time :)
(20:41 / All) BioShokInfynetX: yellow i just reported you to steam
(20:44 / All) BioShokInfynetX: gfg asshole
(21:03 / All) USA_Gun_Control: retard wc is not steam
(21:04 / All) USA_Gun_Control: idiot
(21:09 / All) sunshine27: lol
(21:14 / All) BioShokInfynetX: um who cares
(21:20 / All) BioShokInfynetX: gabe newell is going to bodyslam your skinny ass
(21:24 / All) BioShokInfynetX: fuckin nerd
(21:39 / All) USA_Gun_Control: ur so mad
(21:42 / All) BioShokInfynetX: im pissed
(21:45 / All) BioShokInfynetX: you ruined this game of dota
(21:46 / All) BioShokInfynetX: fuckin asshole
(21:47 / All) BioShokInfynetX: fuck you
(22:04 / All) USA_Gun_Control: u so mad
(22:06 / All) USA_Gun_Control: cry me more
(22:11 / All) BioShokInfynetX: I ALREADY SAID IM PISSED YOU ASSHOLE
(22:13 / All) BioShokInfynetX: STOP REPEATING IT
(23:16 / All) sunshine27: noone gets a dragon?
(23:20 / Allies) sunshine27: ty
(23:27 / All) BioShokInfynetX: nah im too lazy to do anything at this point
(23:32 / All) BioShokInfynetX: i probably could have gone afk and beaten yellow
(23:34 / All) BioShokInfynetX: soooo badddd
(23:56 / Allies) sunshine27: i have so much gold :)